 Dungeon Crawl Stone Soup version 0.10.4 character file.

336 4tharraofdagon the Insei (level 5, -10/36 HPs)
             Began as a Sludge Elf Monk on Apr 26, 2015.
             Mangled by an ogre
             ... wielding a cursed -1,-2 giant club
              (18 damage)
             ... on Level 5 of the Dungeon.
             The game lasted 00:10:22 (1865 turns).

4tharraofdagon the Insei (Sludge Elf Monk)          Turns: 1865, Time: 00:10:22

HP -10/36        AC  8     Str 13      XL: 5   Next: 46%
MP   6/6         EV  7     Int 11      God:
Gold 169         SH  0     Dex 17      Spells:  0 memorised,  4 levels left

Res.Fire  : + . .   See Invis. : .     - Unarmed
Res.Cold  : + . .   Warding    : . . g - +1 scale mail
Life Prot.: . . .   Conserve   : .   (no shield)
Res.Acid. : . . .   Res.Corr.  : .   (no helmet)
Res.Poison: +       Clarity    : .   y - +0 cloak
Res.Elec. : +       Spirit.Shd : .   (no gloves)
Sust.Abil.: . .     Rnd.Telep. : +   (no boots)
Res.Mut.  : .       Ctrl.Telep.: .   (no amulet)
Res.Rott. : .       Levitation : .   w - ring of teleportation
Saprovore : . . .   Ctrl.Flight: .   c - ring of regeneration

@: very slightly contaminated, slowed, very slow, slightly resistant to hostile
enchantments, unstealthy
A: sense surroundings 1, Str +2, Dex -1
a: Evoke Teleportation


You were on level 5 of the Dungeon.
You were not hungry.

You visited 1 branch of the dungeon, and saw 5 of its levels.

You collected 169 gold pieces.

Inventory:

Missiles
 e - 24 poisoned +0 needles
 v - 8 +0 darts of frost (quivered)
Armour
 a - a +0 elven robe
 g - a +1 scale mail (worn)
 y - a +0 cloak (worn)
Comestibles
 b - 2 bread rations
Scrolls
 d - a scroll of identify {unknown}
 i - a scroll of fear {unknown}
 m - a scroll of curse jewellery {unknown}
 n - a scroll of remove curse
 o - a scroll of magic mapping {unknown}
 q - a scroll of enchant armour {unknown}
 s - a scroll of teleportation {unknown}
 t - 2 scrolls of random uselessness {unknown}
 u - a scroll of blinking {unknown}
 x - 2 scrolls of recharging {unknown}
Jewellery
 c - a ring of regeneration (left hand)
 w - a ring of teleportation (right hand)
Potions
 f - 2 potions of poison
 l - a potion of magic {unknown}
 p - a potion of heal wounds {unknown}
 r - a potion of restore abilities {unknown}
 z - a potion of speed {unknown}


   Skills:
 + Level 4.2 Fighting
 + Level 4.7 Dodging
 - Level 2.2 Stealth
 * Level 6.0 Unarmed Combat


You had 4 spell levels left.
You didn't know any spells.

Dungeon Overview and Level Annotations

Branches:
Dungeon (5/27)
 Temple: D:4-7

Altars:
Makhleb
Okawaru

Annotations
D:3 Sigmund; inmateoo's ghost, weakling DrMo
D:4 SosiskaBagetyon's ghost, average HOPr
D:5 Edmund


Innate Abilities, Weirdness & Mutations

You passively map a small area around you.
Your muscles are strong (Str +1).
Your muscles are strong, but stiff (Str +1, Dex -1).


Message History

Unknown command.
Drink which item? (? for menu, Esc to quit)
You feel better. The kobold hits you but does no damage.
The ogre barely misses you.
Unknown command.
Drink which item? (? for menu, Esc to quit)
You feel protected.
You are very lightly contaminated with residual magic.
It was a potion of resistance.
The kobold hits you with an uncursed whip.
* * * LOW HITPOINT WARNING * * *
The kobold barely misses you. The ogre hits you but does no damage.
Drink which item? (? for menu, Esc to quit)
You feel extremely strange.
You feel a strange attunement to the structure of the dungeons.
Your muscles feel sore.
You feel stronger.
It was a potion of mutation.
The kobold hits you but does no damage. The ogre hits you with a giant club!
Ouch! That really hurt!
You die...

....#*# .........# ###....^..
....# ........# #....... ....# *
####+### #....... ##.# * #......<
. ######..# ####.### #......# #.#
####* ###'######### #.# .>..
#...........# ######+###
....#####...>..O@...####.........
...%#...'......K....'..#.........
...K..###...........##.#.[.......
...K### #...........##.#.........
.... #...........##.'...(.....
.... ########+#######.....%...
K...* #.. #######'## #.## #.# #.#
#. #.# #.#


You could see an ogre and a kobold.

Vanquished Creatures
  A killer bee zombie (D:5)
  A crimson imp (D:5)
  A hound (D:5)
  An adder (D:5)
  A worm (D:2)
  An orc (D:5)
  3 ball pythons
  6 bats
  2 giant cockroaches
  6 hobgoblins
  4 jackals (D:5)
  9 kobolds
  A goblin (D:2)
  A kobold zombie (D:5)
  A quokka (D:5)
  8 rats
47 creatures vanquished.

Vanquished Creatures (others)
  A ball python (D:1)
  A toadstool (D:2)
2 creatures vanquished.

Grand Total: 49 creatures vanquished

Notes
Turn   | Place    | Note
--------------------------------------------------------------
     0 | D:1      | 4tharraofdagon, the Sludge Elf Monk, began the quest for the Orb.
     0 | D:1      | Reached XP level 1. HP: 14/14 MP: 0/0
   172 | D:2      | Reached XP level 2. HP: 14/19 MP: 2/2
   531 | D:3      | Noticed inmateoo's ghost (weakling DrMo)
   671 | D:2      | Reached XP level 3. HP: 14/25 MP: 3/3
   739 | D:2      | Reached skill level 5 in Unarmed Combat
   830 | D:3      | Noticed Sigmund
   899 | D:4      | Noticed SosiskaBagetyon's ghost (average HOPr)
   916 | D:4      | Found a burning altar of Makhleb.
  1433 | D:5      | Entered Level 5 of the Dungeon
  1574 | D:5      | Reached XP level 4. HP: 27/30 MP: 4/4
  1616 | D:4      | Noticed Edmund
  1641 | D:5      | Reached XP level 5. HP: 18/36 MP: 6/6
  1684 | D:5      | Reached skill level 6 in Unarmed Combat
  1693 | D:5      | Found an iron altar of Okawaru.
  1865 | D:5      | Gained mutation: You passively map a small area around you.
  1865 | D:5      | Gained mutation: Your muscles are strong, but stiff (Str +1, Dex -1).
  1865 | D:5      | Gained mutation: Your muscles are strong (Str +1).
  1865 | D:5      | Mangled by an ogre
